 Dungeon Crawl Stone Soup version 0.22.1-2-g9c5b331 (webtiles) character file.

38 Leeroy the Skirmisher (level 3, -3/33 HPs)
             Began as a Draconian Berserker on Nov 26, 2018.
             Was an Initiate of Nemelex Xobeh.
             Slain by an orc
             ... wielding a +0 falchion
              (4 damage)
             ... on level 3 of the Dungeon.
             The game lasted 00:12:39 (780 turns).

Leeroy the Skirmisher (Draconian Berserker)          Turns: 780, Time: 00:12:39

Health: -3/33      AC:  5    Str: 18 (20) XL:     3   Next: 25%
Magic:  3/3        EV: 12    Int:  5 (7)  God:    Nemelex Xobeh [......]
Gold:   102        SH:  0    Dex:  8 (10) Spells: 2/2 levels left

rFire    . . .     SeeInvis .   a - +0 hand axe
rCold    . . .     Gourm    .   (no shield)
rNeg     . . .     Faith    .   (armour unavailable)
rPois    .         Spirit   .   (helmet restricted)
rElec    .         Reflect  .   (no cloak)
rCorr    .         Harm     .   (no gloves)
MR       .....                  (no boots)
Stlth    +.........             (no amulet)
HPRegen  0.11/turn              (no ring)
MPRegen  0.08/turn              (no ring)

@: no status effects
A: unfitting armour, cold-blooded, AC +5
a: Renounce Religion


You were on level 3 of the Dungeon.
You worshipped Nemelex Xobeh.
Nemelex Xobeh was noncommittal.
You were not hungry.

You visited 1 branch of the dungeon, and saw 3 of its levels.

You collected 102 gold pieces.

Inventory:

Hand Weapons
 a - a +0 hand axe (weapon)
 c - a +0 club
 h - a +0 dagger
 m - a +0 dagger
 q - a +0 club
 r - a +0 short sword
 t - a +0 short sword
 y - a cursed -3 short sword
Missiles
 g - 51 arrows
 i - 38 sling bullets
 k - 6 stones (quivered)
 s - 14 bolts
 u - 4 poisoned needles
Armour
 e - a +0 leather armour
 f - a +0 robe
Magical Staves
 v - an uncursed staff of summoning
Jewellery
 j - a +5 amulet of reflection {unknown}
 n - an uncursed ring of protection from cold {unknown}
Scrolls
 l - a scroll of blinking {unknown}
 p - a scroll of identify {unknown}
 w - a scroll of teleportation {unknown}
Potions
 d - a potion of curing
Miscellaneous
 o - a plain deck of summoning
Comestibles
 b - a ration
 x - a chunk of flesh


   Skills:
 * Level 4.0 Fighting
 + Level 3.3 Axes
 + Level 3.1 Dodging


You had 2 spell levels left.
You didn't know any spells.
Your spell library was empty.

Dungeon Overview and Level Annotations

Branches:
Dungeon (3/15)

Altars:
Nemelex Xobeh
Wu Jian


Innate Abilities, Weirdness & Mutations

Your plain brown scales are hard. (AC +5)
You cannot fit into any form of body armour.
You are cold-blooded and may be slowed by cold attacks.


Message History

The orc is lightly wounded.
The orc hits you but does no damage.
You barely miss the orc.
The orc is lightly wounded.
The orc hits you with a falchion.
* * * LOW HITPOINT WARNING * * *
The orc hits you with a falchion.
* * * LOW HITPOINT WARNING * * *
You hit the orc.
The orc is heavily wounded.
The orc barely misses you.
You hit the orc.
The orc is severely wounded.
The orc hits you with a falchion.
* * * LOW HITPOINT WARNING * * *
You closely miss the orc.
The orc is severely wounded.
The orc hits you with a falchion.
You die...
Your body disappears without a glow.

#...##......#
#...##...####
#...##...#
#####....#
#.#### #.#
#.# #.# #@#
#o## #og#
#..# #..#
#..# ...8
....P .......


You could see 2 orcs and a goblin.

Vanquished Creatures
  An ooze (D:1)
  A worm (D:3)
  2 leopard geckos
  An orc (D:3)
  2 ball pythons (D:3)
  5 bats
  3 goblins
  A quokka (D:3)
  A frilled lizard (D:2)
  9 kobolds
  2 rats
28 creatures vanquished.

Notes
Turn   | Place    | Note
-------+----------+-------------------------------------------
     0 | D:1      | Leeroy the Draconian Berserker began the quest for the Orb.
     0 | D:1      | Reached XP level 1. HP: 19/19 MP: 1/1
    73 | D:1      | Reached XP level 2. HP: 16/26 MP: 2/2
   218 | D:2      | Found an ornate altar of the Wu Jian Council.
   609 | D:3      | Fell from the grace of Trog
   627 | D:3      | Found a sparkling altar of Nemelex Xobeh.
   633 | D:3      | Became a worshipper of Nemelex Xobeh the Trickster
   708 | D:3      | Reached XP level 3. HP: 33/33 MP: 3/3
   755 | D:3      | Reached skill level 4 in Fighting
   761 | D:3      | Received a gift from Nemelex Xobeh
   779 | D:3      | HP: 1/33 [orc/falchion (2)]
   780 | D:3      | Slain by an orc

Skill      XL: |  1  2  3 |
---------------+----------+-----
Dodging        | 3 |  3.1
Fighting       | 4 |  4.0
Axes           | |  3.3

Action                   || total
-------------------------++-------
Melee: Hand axe          ||    98
       Tailslap          ||     9
Throw: Stone             ||     1
Invok: Renounce Religion ||     1
  Use: Scroll            ||     2
       Potion            ||     2
  Eat: Ration            ||     1
Armor: Skin              ||    44
Dodge: Dodged            ||    82
